 Dungeon Sprint DCSS version 0.28-a0-317-g21599a725c (webtiles) character file.

Game seed: 5182488346365601209

7 McIrco the Cutter (level 2, -17/30 HPs)
             Began as a Kobold Berserker on Sept 1, 2021.
             Was a Believer of Trog.
             Demolished by an ogre (25 damage)
             ... in the Dungeon (Sprint IX: "|||||||||||||||||||||||||||||").
             The game lasted 00:00:10 (273 turns).

McIrco the Cutter (Kobold Berserker)                 Turns: 273, Time: 00:00:10

Health: -17/30     AC:  2    Str: 14    XL:     2   Next: 5%
Magic:  2/2        EV: 15    Int:  8    God:    Trog [**....]
Gold:   0          SH:  0    Dex: 14    Spells: 1/1 levels left

rFire   . . .      SeeInvis .   a - +0 short sword
rCold   . . .      Faith    .   (shield restricted)
rNeg    . . .      Spirit   .   b - +0 animal skin
rPois   .          Reflect  .   (no helmet)
rElec   .          Harm     .   (no cloak)
rCorr   .          Rampage  .   (no gloves)
Will    .....      NoTele   +   (no boots)
Stlth   ..........              (no amulet)
HPRegen 0.10/turn               (no ring)
MPRegen 0.08/turn               (no ring)

@: berserking, very quick
A: small, no large weapons, nightstalker 3
a: Renounce Religion, Berserk, Trog's Hand


You were in the Dungeon.
You worshipped Trog.
Trog was pleased with you.
You visited 1 branch

Inventory:

Hand Weapons
 a - a +0 short sword (weapon)
Armour
 b - a +0 animal skin (worn)
Scrolls
 h - a scroll of blinking
Potions
 c - a potion of curing
 d - a potion of heal wounds
 e - a potion of haste
 f - 2 potions of magic
 g - a potion of berserk rage


   Skills:
 + Level 4.2 Fighting
 + Level 5.1 Short Blades
 + Level 1.8 Armour
 + Level 2.8 Dodging


You had one spell level left.
You didn't know any spells.
Your spell library was empty.

Dungeon Overview and Level Annotations

Branches:
Dungeon (1/1)

Altars:


Innate Abilities, Weirdness & Mutations

You are small and have problems with some larger weapons.
You are completely attuned to the shadows.


Message History

The dart slug is heavily wounded.
You hit the dart slug.
The dart slug is severely wounded.
The dart slug misses you.
You hit the dart slug.
You kill the dart slug!
Trog accepts your kill.
Your Fighting skill increases to level 4!
Your Short Blades skill increases to level 5!
You have reached level 2!
You start resting.
HP restored.
You start waiting.
Done waiting.
Things that are here:
a +0 dagger; a +0 whip; 4 stones You open the door.
A jackal, an ogre and a zombie come into view.
A water moccasin comes into view.
The ogre shouts!
The jackal barks!
The ogre misses you.
There is an open door here.
A red film seems to cover your vision as you go berserk!
You feel yourself moving faster!
You feel mighty!
You hit the ogre.
The ogre is lightly wounded.
The ogre hits you with a +0 giant spiked club!!
Ouch! That really hurt!
* * * LOW HITPOINT WARNING * * *
You are too injured to fight recklessly!
You are too injured to fight recklessly!
You are too injured to fight recklessly!
You are too injured to fight recklessly!
You puncture the ogre!
The ogre is heavily wounded.
You puncture the ogre!
The ogre is almost dead.
The ogre hits you with a +0 giant spiked club!!
Ouch! That really hurt!
You die...

▓.▓
▓.▓
▓'▓
▓)▓
▓)▓
▓.▓
▓.▓
▓.▓
▓@▓
▓O▓
▓h▓
▓S▓
▓Z▓


You could see a water moccasin, an ogre, a bat zombie and a jackal.

Vanquished Creatures
  A dart slug (D)
  4 kobolds (D)
5 creatures vanquished.

Notes
Turn   | Place    | Note
-------+----------+-------------------------------------------
     0 | D        | McIrco the Kobold Berserker began the quest for the Orb.
     0 | D        | Reached XP level 1. HP: 14/14 MP: 1/1
    16 | D        | Reached ** piety under Trog
    23 | D        | Reached skill level 5 in Short Blades
    23 | D        | Reached XP level 2. HP: 11/20 MP: 2/2
   268 | D        | Noticed an ogre
   269 | D        | Noticed a water moccasin
   273 | D        | Demolished by an ogre

Illustrated notes

Levels and vault maps discovered:
D:        linesprint [early_d, line_temple, items_1, d_10, items_2, lair_1,
          lair_end, items_3, orc_1, orc_end, items_4, d_15, swamp_1, shoals_1,
          snake_1, spider_1, d_20, vaults_1, items_5, swamp_end, shoals_end,
          snake_end, spider_end, vaults_end, d_27, items_6, zot_1, zot_end,
          crypt_end, forest_end, elf_end, slime_end, tomb_end, abyss_end,
          pan_hell_end]

Skill      XL: |  1 |
---------------+----+-----
Fighting       | 4 |  4.2
Short Blades   | 5 |  5.1
Armour         | |  1.8
Dodging        | |  2.8

Action                   || total
-------------------------++-------
Melee: Short sword       ||    20
Invok: Berserk           ||     1
Armor: Animal skin       ||     3
Dodge: Dodged            ||    10

Table legend: (Time is in decaauts)
 A = Elapsed time spent in this place.
 B = Non-inter-level travel time spent in this place.
 C = Inter-level travel time spent in this place.
 D = Time resting spent in this place.
 E = Time spent auto-exploring this place.
 F = Levels seen in this place.
 G = Mean time per level.
                   A        B        C        D        E       F      G
               +--------+--------+--------+--------+--------+-----+--------+
         Total |    270 |    270 |      0 |    241 |      6 |   1 |  270.0 |
       Dungeon |    270 |    270 |      0 |    241 |      6 |   1 |  270.0 |
               +--------+--------+--------+--------+--------+-----+--------+

Top non-repeatable levels by time:
       D: 270 daAuts
